 Seeded DCSS version 0.24-a0-169-g71aafec (webtiles) character file.

Game seed: 5382572517513249692

5 BarneyGumball the Grave Robber (level 1, 0/11 HPs)
             Began as a Halfling Wanderer on Mar 7, 2019.
             Slain by a frilled lizard (2 damage)
             ... on level 1 of the Dungeon.
             The game lasted 00:00:49 (302 turns).

BarneyGumball the Grave Robber (Halfling Wanderer)   Turns: 302, Time: 00:00:50

Health: 0/11       AC:  2    Str: 11    XL:     1   Next: 88%
Magic:  3/3        EV: 13    Int:  9    God:
Gold:   27         SH:  0    Dex: 16    Spells: 3/3 levels left

rFire    . . .     SeeInvis .   a - +2 mace
rCold    . . .     Gourm    .   (shield restricted)
rNeg     . . .     Faith    .   d - +0 robe
rPois    .         Spirit   .   (no helmet)
rElec    .         Reflect  .   (no cloak)
rCorr    .         Harm     .   (no gloves)
MR       .....                  (no boots)
Stlth    +.........             (no amulet)
HPRegen  0.03/turn              (no ring)
MPRegen  0.08/turn              (no ring)

@: no status effects
A: small, mutation resistance 1
a: no special abilities


You were on level 1 of the Dungeon.
You were not hungry.

You visited 1 branch of the dungeon, and saw 1 of its levels.

You collected 27 gold pieces.

Inventory:

Hand Weapons
 a - a +2 mace (weapon)
Armour
 d - a +0 robe (worn)
Scrolls
 b - a scroll of teleportation
 c - a scroll of random uselessness {unknown}
 g - a scroll of identify {unknown}
 h - 2 scrolls of enchant armour {unknown}
 i - a scroll of noise {unknown}
Potions
 e - a potion of haste {unknown}
Comestibles
 f - 2 rations


   Skills:
 + Level 1.1 Maces & Flails
 + Level 1.2 Throwing
 + Level 2.3 Armour
 + Level 1.6 Spellcasting
   Level 2.4 Necromancy
   Level 1.0 Evocations


You had 3 spell levels left.
You didn't know any spells.
Your spell library contained the following spells:

 Spells                   Type           Power        Failure   Level  Hunger
 Corpse Rot               Necr           N/A          19%         2    ###....
 Sublimation of Blood     Necr           #.........   19%         2    ###....


Dungeon Overview and Level Annotations

Branches:
Dungeon (1/15)

Altars:
Nemelex Xobeh


Innate Abilities, Weirdness & Mutations

You are small and have problems with some larger weapons.
You are somewhat resistant to further mutation.


Message History

Found 19 stones.
There is an open gate here.
A frilled lizard comes into view.
A leopard gecko comes into view.
The leopard gecko hisses angrily.
You catch the helpless frilled lizard completely off-guard!
You hit the frilled lizard.
The frilled lizard is heavily wounded.
The frilled lizard misses you. The leopard gecko bites you.
You closely miss the leopard gecko. The leopard gecko bites you.
There is an open gate here.
You barely miss the leopard gecko. The leopard gecko bites you.
You sock the leopard gecko!
You kill the leopard gecko!
The frilled lizard bites you but does no damage.
You closely miss the frilled lizard. The frilled lizard bites you.
* * * LOW HITPOINT WARNING * * *
You closely miss the frilled lizard. The frilled lizard bites you.
You die...

#......# #...(..###
#........# ........#
#...$.# #.....###
#.......###
#........#l..#
#.########@''##### # #
#######...##### #.
###☼###...##°§§
#.#########°§.##§≈.#°○°°
#....#..##§§§☼§#§..#°§§○
#....#..###§§§##...#§§§§
#....#..####§###...##○☼°
#....#..########...#####
#....#..#≈......._......


You could see a frilled lizard.

Vanquished Creatures
  A leopard gecko (D:1)
  A giant cockroach (D:1)
  A goblin (D:1)
  A kobold (D:1)
4 creatures vanquished.

Notes
Turn   | Place    | Note
-------+----------+-------------------------------------------
     0 | D:1      | BarneyGumball the Halfling Wanderer began the quest for the
                  | Orb.
     0 | D:1      | BarneyGumball set off with the following items: a +2 mace,
                  | a scroll of teleportation, a +0 robe, a ration; and the
                  | following spells available to memorise: Corpse Rot,
                  | Sublimation of Blood
     0 | D:1      | Reached XP level 1. HP: 11/11 MP: 3/3
   268 | D:1      | Found a sparkling altar of Nemelex Xobeh.
   302 | D:1      | Slain by a frilled lizard

Levels and vault maps discovered:
D:1:      minmay_arrival_four_houses, layout_basic, nemelex_altar_shiori

Action                   || total
-------------------------++-------
Melee: Mace              ||    20
 Stab: Distracted        ||     1
Armor: Robe              ||     4
Dodge: Dodged            ||     9

Table legend:
 A = Non-vault XP
 B = Vault XP
 C = Vault XP percentage of total XP
 D = Non-vault monster count
 E = Vault monster count
 F = Vault count percentage of total count
                 A         B        C        D         E       F
            +---------+---------+-------+---------+---------+-------
      Total |       8 |       0 |   0.0 |       4 |       0 |   0.0
            +---------+---------+-------+---------+---------+-------
        D:1 |       8 |       0 |   0.0 |       4 |       0 |   0.0
            +---------+---------+-------+---------+---------+-------
